Map: Cité émeraude EC

Players

Sorandom

  • Race: Zerg Zerg
  • League: Diamond
  • Spawn Location: 11:00

IA (moyenne) - Winner!

  • Race: Protoss Protoss
  • Spawn Location: 5:00

VOD

Have the link to the VOD?

Description

Time

  • Played on: April 3, 2019, 3:14 p.m.
  • Length: 9:47
Show
View Real Time Build Order
Export as new Build Order

Sorandom Zerg 

Build Orders: Pool First 

Get SALT Encoding   

  12  0:02  Drone  
  13  0:13  Overlord  
  13  0:35  Spawning Pool  
  12  0:38  Drone  
  12  0:39  Extractor  
  12  0:45  Drone  
  12  0:46  Drone  
  14  0:58  Drone  
  15  1:04  Drone  
  16  1:23  Queen  
  18  1:27  Drone x2  
  20  1:44  Overlord x2  
  20  1:59  Queen  
  22  2:20  Zergling x6  
  25  2:33  Hatchery  
  24  2:41  Drone x4  
  28  4:11  Lair  
  28  4:27  Metabolic Boost  
  27  6:57  Zergling x6  
  27  6:58  Zergling x12  
  36  7:05  Roach Warren  
  36  7:07  Spine Crawler  
  34  7:10  Spine Crawler x2, Zergling x2  
  33  7:18  Zergling x2  
  27  7:25  Zergling x4  
  23  7:33  Zergling x2  
  23  7:34  Zergling x2  
  17  7:43  Zergling x2  
  17  7:44  Zergling x8  
  11  7:59  Drone x2  
  11  8:05  Queen  
  15  8:06  Queen  
  17  8:28  Hatchery  
  16  8:52  Drone  
  16  8:53  Drone x11  
  28  9:08  Drone x2  
  31  9:17  Zergling x8  
  31  9:22  Zergling x2  
  35  9:29  Drone x2  
  35  9:30  Infestation Pit, Drone x2  
Show
View Real Time Build Order
Export as new Build Order

IA (moyenne) Protoss - Winner!

Build Orders:  

Get SALT Encoding   

  12  0:00  Probe  
  13  0:13  Probe  
  14  0:19  Pylon  
  14  0:25  Probe  
  15  0:33  Probe  
  15  0:40  Gateway  
  15  0:42  Probe  
  16  0:47  Assimilator  
  17  0:51  Probe  
  18  1:01  Pylon  
  18  1:29  Gateway  
  18  1:31  Cybernetics Core  
  18  1:34  Assimilator  
  18  1:45  Zealot  
  20  2:05  Adept  
  20  2:06  Pylon  
  22  2:17  Warp Gate  
  22  2:25  Adept  
  24  2:42  Zealot  
  26  2:52  Adept  
  26  2:53  Pylon  
  28  3:13  Probe  
  28  3:14  Adept  
  31  3:25  Probe  
  32  3:31  Stalker  
  34  3:35  Pylon  
  34  3:37  Probe  
  35  3:47  Adept  
  37  3:49  Forge  
  37  3:50  Probe  
  38  4:02  Probe  
  39  4:08  Adept  
  41  4:14  Probe  
  42  4:25  Adept  
  44  6:23  Probe  
  44  6:25  Stalker  
  47  6:32  Nexus, Pylon  
  47  6:35  Photon Cannon  
  47  6:37  Photon Cannon  
  47  6:39  Sentry  
  49  6:40  Robotics Facility  
  49  6:42  Stargate  
  49  6:45  Twilight Council  
  49  6:48  Gateway  
  49  6:50  Forge  
  49  6:52  Stalker  
  49  6:53  Pylon  
  51  7:06  Stalker  
  53  7:20  Sentry  
  51  7:27  Observer  
  52  7:33  Sentry  
  54  7:44  Probe  
  54  7:47  Probe, Zealot  
  54  7:48  Observer  
  54  7:49  Assimilator  
  53  7:53  Pylon  
  53  7:54  Pylon  
  53  7:56  Pylon  
  53  7:57  Probe  
  48  8:00  Probe, Zealot  
  47  8:09  Probe  
  47  8:12  Probe  
  49  8:14  Adept  
  49  8:15  Photon Cannon  
  49  8:16  Photon Cannon  
  51  8:21  Probe  
  51  8:23  Probe  
  53  8:28  Stalker  
  53  8:31  Probe  
  53  8:33  Probe  
  57  8:41  Adept  
  57  8:42  Probe  
  57  8:45  Probe  
  61  8:54  Probe x2  
  63  9:03  Probe  
  63  9:06  Probe  
  65  9:13  Probe  
  66  9:18  Probe  
Tags
 
League
Diamond
Matchup
PvZ
Opening
Pool First
Replay Pack
Pack 2
Spawn Locations
Cross Positions
Add a new tag
Caveats
  • Supply blocks, unpowered buildings, or Contaminate may cause inaccurate times.
  • Supply counts are checked every 10 seconds.